 Dungeon Crawl Stone Soup version 0.26-a0-976-gd3b5134375 (webtiles) character file.

Game seed: 14971765902671359166

74 PentaManta the Chopper (level 4, 0/28 HPs)
             Began as a Gargoyle Fighter on Dec 5, 2020.
             Killed by divine providence
             ... invoked by an orc priest
              (11 damage)
             ... on level 3 of the Dungeon.
             The game lasted 00:02:10 (2305 turns).

PentaManta the Chopper (Gargoyle Fighter)           Turns: 2305, Time: 00:02:10

Health: 0/28       AC: 10    Str: 20    XL:     4   Next: 28%
Magic:  4/4        EV:  9    Int:  9    God:
Gold:   157        SH:  0    Dex:  9    Spells: 3/3 levels left

rFire    . . .     SeeInvis .   g - +0 whip
rCold    . . .     Faith    .   (no shield)
rNeg     + . .     Spirit   .   b - +0 scale mail
rPois    ∞         Reflect  .   (no helmet)
rElec    +         Harm     .   (no cloak)
rCorr    .         Rampage  .   (no gloves)
MR       .....                  (no boots)
Stlth    ..........             (no amulet)
HPRegen  0.09/turn              (no ring)
MPRegen  0.09/turn              (no ring)

@: no status effects
A: negative energy resistance 1, electricity resistance, unbreathing,
petrification resistance, rot immunity, AC +3
a: no special abilities


You were on level 3 of the Dungeon.
You visited 1 branch of the dungeon, and saw 3 of its levels.

You collected 157 gold pieces.

Inventory:

Hand Weapons
 a - a +0 war axe
 g - a +0 whip (weapon)
Armour
 b - a +0 scale mail (worn)
 c - a +0 kite shield
Scrolls
 e - 3 scrolls of amnesia {unknown}
 h - 2 scrolls of identify {unknown}
 i - a scroll of fog {unknown}
 m - a scroll of immolation {unknown}
 n - a scroll of remove curse {unknown}
 q - a scroll of magic mapping {unknown}
Potions
 d - a potion of might
 f - a potion of lignification {unknown}
 j - a potion of brilliance {unknown}
 k - 2 potions of attraction {unknown}
 l - a potion of magic {unknown}
 o - a potion of degeneration {unknown}
 p - 2 potions of curing {unknown}


   Skills:
 + Level 3.3 Fighting
 * Level 3.8 Axes
 + Level 3.3 Armour
 + Level 0.1 Dodging
 + Level 3.3 Shields


You had 3 spell levels left.
You didn't know any spells.
Your spell library was empty.

Dungeon Overview and Level Annotations

Branches:
Dungeon (3/15)

Altars:
Ashenzari
Cheibriados


Innate Abilities, Weirdness & Mutations

You are resistant to torment.
Your stone body is resilient. (AC +3)
You are immune to poison.
You resist negative energy. (rN+)
You are resistant to electric shocks. (rElec)
You can survive without breathing.
You are immune to petrification.
You are immune to rotting.


Message History

Pain shoots through your body!
You are too injured to fight recklessly!
You barely miss the orc priest.
The orc priest is severely wounded.
The orc priest closely misses you.
You hit the orc priest but do no damage.
The orc priest is severely wounded.
The orc priest hits you but does no damage.
You hit the orc priest.
The orc priest is severely wounded.
The orc priest looks braver for a moment.
You barely miss the orc priest.
The orc priest is severely wounded.
The orc priest mumbles some strange prayers to Beogh against you.
You barely resist. You barely miss the orc priest.
The orc priest is severely wounded.
The orc priest mumbles some strange prayers to Beogh against you.
Beogh smites you!
You die... # # ###.. # .... # .... # ..# # Bo#

# #o# # #o# #
#@# # #.# #
###.# # #...# #
#.### # #.# #
##### #.#
####...#######.#
..†.._.........#


You could see 2 orc priests, an orc and a giant cockroach.

Vanquished Creatures
  An adder (D:3)
  5 dart slugs
  2 leopard geckos
  An orc (D:3)
  2 giant cockroaches (D:1)
  5 goblins (D:1)
  9 hobgoblins
  A ball python (D:1)
  6 bats (D:1)
  A frilled lizard (D:1)
  12 kobolds
  3 rats
48 creatures vanquished.

Notes
Turn   | Place    | Note
-------+----------+-------------------------------------------
     0 | D:1      | PentaManta the Gargoyle Fighter began the quest for the
                  | Orb.
     0 | D:1      | Reached XP level 1. HP: 14/14 MP: 1/1
   138 | D:1      | Reached XP level 2. HP: 19/19 MP: 2/2
   524 | D:1      | Reached XP level 3. HP: 23/23 MP: 3/3
  2104 | D:3      | Reached XP level 4. HP: 21/28 MP: 4/4
  2225 | D:3      | Found a broken altar of Ashenzari.
  2254 | D:3      | Found a snail-covered altar of Cheibriados.
  2305 | D:3      | Killed from afar by an orc priest

Illustrated notes

Levels and vault maps discovered:
D:1:      dpeg_arrival_tiny_g, layout_basic, minmay_fountain_box,
          minmay_tetromino_l4
D:2:      layout_loops_corners, kennysheep_big_empty_room
D:3:      layout_basic, nicolae_ashenzari_panopticon, old_standard_altar,
          cheibriados_altar_1

Skill      XL: |  1  2 |
---------------+-------+-----
Axes           | 2 3 |  3.8
Fighting       | |  3.3
Armour         | |  3.3
Dodging        | |  0.1
Shields        | |  3.3

Action                   |  1- 3 |  4- 6 || total
-------------------------+-------+-------++-------
Melee: Whip              |   218 |    48 ||   266
       War axe           |     3 |       ||     3
Armor: Scale mail        |   115 |    32 ||   147
Dodge: Dodged            |   112 |    16 ||   128
Block: Kite shield       |    16 |       ||    16

Table legend: (Time is in decaauts)
 A = Elapsed time spent in this place.
 B = Non-inter-level travel time spent in this place.
 C = Inter-level travel time spent in this place.
 D = Time resting spent in this place.
 E = Time spent auto-exploring this place.
 F = Levels seen in this place.
 G = Mean time per level.
                   A        B        C        D        E       F      G
               +--------+--------+--------+--------+--------+-----+--------+
         Total |   2308 |   2238 |     70 |      0 |   1812 |   3 |  769.3 |
       Dungeon |   2308 |   2238 |     70 |      0 |   1812 |   3 |  769.3 |
               +--------+--------+--------+--------+--------+-----+--------+

Top non-repeatable levels by time:
     D:1: 1286 daAuts
     D:2: 827 daAuts
     D:3: 194 daAuts
